 Dungeon Crawl Stone Soup version 0.31-a0-1-g4198be8af4 (webtiles) character file.

Game seed: 3686256607159746873

9 ytrimaz the Insei (level 2, -1/23 HPs)
             Began as a Gnoll Transmuter on May 1, 2023.
             Slain by a hobgoblin (2 damage)
             ... on level 1 of the Dungeon.
             The game lasted 00:00:16 (197 turns).

ytrimaz the Insei (Gnoll Transmuter)                 Turns: 197, Time: 00:00:17

Health: -1/23      AC:  2    Str:  9    XL:     2   Next: 12%
Magic:  5/7        EV: 13    Int: 12    God:
Gold:   47         SH:  0    Dex: 12    Spells: 9/10 levels left

rFire   . .          .
                       - Unarmed
rCold   . . .        (no shield)
rNeg    . . .        a - +0 robe
rPois   .            (helmet currently unavailable)
rElec   .            (no cloak)
rCorr   .            (no gloves)
SInv    .            (boots currently unavailable)
Will    .....        (no amulet)
Stlth   +            (no ring)
HPRegen 0.23/turn    (no ring)
MPRegen 0.10/turn

%: no passive effects
@: appendages
A: horns 2, talons 2, fangs 1, strong nose, distributed training
a: End Transformation


You were on level 1 of the Dungeon.
You had temporarily grown beastly horns and talons.
You visited 1 branch of the dungeon, and saw 1 of its levels.

You collected 47 gold pieces.


Innate Abilities, Weirdness & Mutations

You have temporarily grown beastly horns and talons.
You have very sharp teeth.
Your uncanny sense of smell can sniff out nearby items.
Your experience applies equally to all skills.


   Skills:
 + Level 2.4 Fighting
 + Level 0.3 Short Blades
 + Level 0.3 Long Blades
 + Level 0.3 Axes
 + Level 0.3 Maces & Flails
 + Level 0.3 Polearms
 + Level 0.3 Staves
 + Level 0.3 Ranged Weapons
 + Level 0.3 Throwing
 + Level 0.3 Armour
 + Level 4.4 Dodging
 + Level 0.3 Stealth
 + Level 0.3 Shields
 + Level 6.4 Unarmed Combat
 + Level 4.9 Spellcasting
 + Level 0.2 Conjurations
 + Level 0.2 Hexes
 + Level 0.2 Summonings
 + Level 0.2 Necromancy
 + Level 0.2 Translocations
 + Level 3.7 Transmutations
 + Level 0.2 Fire Magic
 + Level 0.2 Ice Magic
 + Level 0.2 Air Magic
 + Level 0.2 Earth Magic
 + Level 0.2 Poison Magic
 + Level 0.4 Invocations
 + Level 0.3 Evocations


You had 9 spell levels left.
You knew the following spells:

 Your Spells              Type           Power      Damage    Failure   Level
a - Beastly Appendage     Tmut           22%        N/A       4%          1

Your spell library contained the following spells:

 Spells                   Type           Power      Damage    Failure   Level
 Wereblood                Tmut           11%        N/A       7%          2
 Spider Form              Tmut/Pois      7%         N/A       26%         3
 Ice Form                 Ice/Tmut       7%         N/A       65%         4

Inventory:

Armour
 a - a +0 robe (worn)
Scrolls
 e - a scroll of teleportation {unknown}
Potions
 b - a potion of lignification
 c - a potion of brilliance {unknown}
 d - a potion of heal wounds {unknown}
 f - a potion of curing {unknown}

Dungeon Overview and Level Annotations

Branches:
Dungeon (1/15) Zot: 5805

Altars:

∆ ...##.#.#..####..... ..
###.....#.#....##.....
..##...###...............
.....#.....#...#.........
...?#.......#............
..............###..#.....
.............## #..#.....
........r....# #........
.......b@†...# #.#......
........gb...............
.......!..$..###.........
.............# ..##......
.....!...!.....###.......
..........>..... ......##
.?................#...###
................ ...


You could see a quokka, a hobgoblin and 2 bats.


Message History

The bat closely misses you. The bat closely misses you. x2
The bat attacks as you move away! The bat hits you.
The bat hits you but does no damage. The bat hits you.
You hit the bat.
You kill the bat!
Unknown command.
No target in view! 😕 HP[-2]
You take 2 damage, and now have 15/17 hp.
No target in view!
Unknown command.
Key pressed, stopping explore.
No target in view! 😕 HP[+1]
You now have 33 gold pieces (gained 9).
f - a bubbling ruby potion 😎 HP[+1]
Your hp is fully restored (17).
You now have 47 gold pieces (gained 14).
A ball python and a rat come into view.
There are monsters nearby!
There are monsters nearby!
A hobgoblin and a giant cockroach come into view.
Found a stone staircase leading down.
The hobgoblin shouts!
The ball python hisses angrily.
A quokka and a bat come into view.
A bat comes into view.
The bat moves out of view.
You closely miss the ball python. The bat closely misses you.
The ball python bites you.
The ball python barely misses you. 😕 HP[-2]
You take 2 damage, and now have 15/17 hp.
You hit the giant cockroach but do no damage.
The bat hits you but does no damage. The bat closely misses you. x2
The ball python barely misses you. x2; The giant cockroach closely misses you.
You hit the ball python. The bat barely misses you. x2
The ball python bites you but does no damage.
The ball python grabs you. The ball python constricts you.
The quokka twitches its whiskers.
The giant cockroach closely misses you.
You barely miss the ball python. You bite the ball python.
The bat barely misses you. The ball python completely misses you.
The ball python constricts you. The giant cockroach bites you.
The hobgoblin barely misses you.
You grow a pair of large bovine horns.
Your feet morph into talons.
The bat hits you but does no damage. The bat barely misses you.
The ball python bites you but does no damage.
The ball python constricts you. The quokka closely misses you.
The giant cockroach bites you but does no damage.
The hobgoblin barely misses you. 😕 MP[-1]
You lost 1 mp, and now have 5/6 mp.
You punch the ball python!
You kill the ball python!
The bat misses you. The bat barely misses you.
The quokka bites you but does no damage.
The giant cockroach bites you but does no damage.
The rat bites you. The hobgoblin hits you.
You have reached level 2! 😮 HP[-3]
You now have 23 max hp (+6).
You are too injured to fight recklessly!
You are too injured to fight recklessly!
Unknown command.
You hit the giant cockroach.
You kill the giant cockroach!
The bat closely misses you. The quokka bites you. The bat closely misses you.
The bat hits you but does no damage.
You are too injured to fight recklessly!
The hobgoblin attacks as you move away! The hobgoblin barely misses you.
The quokka barely misses you. The bat barely misses you.
The bat closely misses you. The quokka bites you.
* * * LOW HITPOINT WARNING * * *
😨 HP[-3]
You take 3 damage, and now have 9/23 hp.
You are too injured to fight recklessly!
The bat hits you.
* * * LOW HITPOINT WARNING * * *
The rat closely misses you. The bat misses you.
The quokka completely misses you. 😨 HP[-1]
You take 1 damage, and now have 8/23 hp.
You are too injured to fight recklessly!
You hit the rat. You punch the rat, but do no damage.
The bat hits you but does no damage. The bat closely misses you.
The rat bites you but does no damage. The bat barely misses you.
The quokka misses you.
You are too injured to fight recklessly!
You closely miss the rat. You claw the rat.
You kill the rat!
The bat barely misses you. x2; The hobgoblin hits you.
* * * LOW HITPOINT WARNING * * *
The quokka bites you.
* * * LOW HITPOINT WARNING * * *
😱 HP[-7]
You take 7 damage, and now have 1/23 hp.
MASSIVE DAMAGE!! (PAUSE)
The bat closely misses you. The hobgoblin hits you.
You die...

Action                     || total
---------------------------++-------
  Melee: Unarmed           ||    26
         Bite              ||     5
         Kick              ||     1
         Punch             ||     1
   Cast: Beastly Appendage ||     1
   Stab: Sleeping          ||     1
 Armour: Robe              ||    11
  Dodge: Dodged            ||    43

Levels and vault maps discovered:
D:1:      dpeg_arrival_rhombus, layout_rooms

Notes
Turn   | Place    | Note
-------+----------+-------------------------------------------
     0 | D:1      | ytrimaz the Gnoll Transmuter began the quest for the Orb.
     0 | D:1      | Reached XP level 1. HP: 17/17 MP: 6/6
     0 | D:1      | magus.rc [v1.9.6]
   192 | D:1      | Reached XP level 2. HP: 12/23 MP: 5/7
   196 | D:1      | HP: 4/23 [hobgoblin (5)]
   196 | D:1      | HP: 1/23 [quokka (3)]
   197 | D:1      | Slain by a hobgoblin

Vanquished Creatures
  A ball python (D:1)
  2 endoplasms (D:1)
  A giant cockroach (D:1)
  A kobold (D:1)
  A bat (D:1)
  2 rats (D:1)
8 creatures vanquished.

Table legend:
 A = Non-vault XP
 B = Vault XP
 C = Vault XP percentage of total XP
 D = Non-vault monster count
 E = Vault monster count
 F = Vault count percentage of total count
                 A         B        C        D         E       F
            +---------+---------+-------+---------+---------+-------
      Total |      13 |       0 |   0.0 |       8 |       0 |   0.0
            +---------+---------+-------+---------+---------+-------
        D:1 |      13 |       0 |   0.0 |       8 |       0 |   0.0
            +---------+---------+-------+---------+---------+-------

Action                     || total
---------------------------++-------
  Melee: Unarmed           ||    26
         Bite              ||     5
         Kick              ||     1
         Punch             ||     1
   Cast: Beastly Appendage ||     1
   Stab: Sleeping          ||     1
 Armour: Robe              ||    11
  Dodge: Dodged            ||    43

Illustrated notes

Table legend:
 A = Kills in this place as a percentage of kills in the entire game.
 B = Kills by you in this place as a percentage of kills by you in the entire game.
 C = Kills by friends in this place as a percentage of kills by friends in the entire game.
 D = Other kills in this place as a percentage of other kills in the entire game.
 E = Experience gained in this place as a percentage of experience gained in the entire game.
 F = Experience gained in this place divided by the number of levels of this place that you have seen.
                   A       B       C       D       E      F
               +-------+-------+-------+-------+-------+----------------------
         Total | 100.0 | 100.0 |   N/A |   N/A | 100.0 |  13.0
       Dungeon | 100.0 | 100.0 |   N/A |   N/A | 100.0 |  13.0
               +-------+-------+-------+-------+-------+----------------------

Table legend: (Time is in decaauts)
 A = Elapsed time spent in this place.
 B = Non-inter-level travel time spent in this place.
 C = Inter-level travel time spent in this place.
 D = Time resting spent in this place.
 E = Time spent auto-exploring this place.
 F = Levels seen in this place.
 G = Mean time per level.
                   A        B        C        D        E       F      G
               +--------+--------+--------+--------+--------+-----+--------+
         Total |    193 |    193 |      0 |      0 |    129 |   1 |  193.0 |
       Dungeon |    193 |    193 |      0 |      0 |    129 |   1 |  193.0 |
               +--------+--------+--------+--------+--------+-----+--------+

Top non-repeatable levels by time:
     D:1: 193 daAuts
